 Dungeon Crawl Stone Soup version 0.23.1 (webtiles) character file.

Game seed: 3314622661832558378

770 Honeythief the Insei (level 7, -7/52 HPs)
             Began as a Demigod Transmuter on Mar 9, 2019.
             Mangled by a gnoll sergeant
             ... wielding a +4 spear of freezing
              (8 damage)
             ... on level 7 of the Dungeon.
             The game lasted 00:32:26 (5807 turns).

Honeythief the Insei (Demigod Transmuter)           Turns: 5807, Time: 00:32:27

Health: -7/52      AC:  7    Str:  9    XL:     7   Next: 27%
Magic:  16/16      EV: 14    Int: 21    God:
Gold:   207        SH:  0    Dex: 16    Spells: 6/14 levels left

rFire    . . .     SeeInvis .   t - +1 dagger (speed)
rCold    . . .     Gourm    .   (no shield)
rNeg     . . .     Faith    .   q - +2 robe {MR+}
rPois    .         Spirit   .   (no helmet)
rElec    .         Reflect  .   (no cloak)
rCorr    .         Harm     .   v - +0 pair of gloves
MR       +....     Clarity  +   (no boots)
Stlth    +.........             m - amulet of regeneration
HPRegen  0.57/turn              (no ring)
MPRegen  0.15/turn              (no ring)

@: no status effects
A: icy blue scales 1, blink, clarity, high mp 1, weak 2, wild magic 1
a: Blink


You were on level 7 of the Dungeon.
You were not hungry.

You visited 1 branch of the dungeon, and saw 6 of its levels.

You collected 207 gold pieces.

Inventory:

Hand Weapons
 e - a +0 club
 g - a +0 spear
 n - a +2 dire flail of protection
 t - a +1 dagger of speed (weapon)
Missiles
 a - 2 arrows
 o - 5 tomahawks
 p - a throwing net (quivered)
Armour
 b - a +0 robe
 h - a +0 robe
 q - a +2 robe of magic resistance (worn)
 v - a +0 pair of gloves (worn)
Jewellery
 m - an amulet of regeneration (around neck)
 u - the amulet of Buzal {Acrobat rPois rF++, unknown}
   (You found it on level 4 of the Dungeon)

   [amulet of the acrobat]

   It helps you evade while moving and waiting.
   It greatly protects you from fire.
   It protects you from poison.
Wands
 k - a wand of flame (25)
Scrolls
 c - 2 scrolls of amnesia
 i - a scroll of enchant weapon {unknown}
 j - a scroll of teleportation
 l - a scroll of enchant armour {unknown}
Potions
 f - 3 potions of invisibility
 r - a potion of flight
Comestibles
 d - a ration


   Skills:
 + Level 1.6 Fighting
 + Level 3.2 Dodging
 - Level 0.1 Stealth
 + Level 4.3 Unarmed Combat
 + Level 4.0 Spellcasting
 + Level 4.0 Transmutations
 + Level 2.0 Ice Magic
 + Level 0.7 Poison Magic


You had 6 spell levels left.
You knew the following spells:

 Your Spells              Type           Power        Failure   Level  Hunger
a - Beastly Appendage     Tmut           ####..       4%          1    None
b - Ice Form              Ice/Tmut       ###.....     43%         4    ####...
c - Spider Form           Tmut/Pois      ###.......   21%         3    ###....

Your spell library contained the following spells:

 Spells                   Type           Power        Failure   Level  Hunger
 Sticks to Snakes         Tmut           ####....     6%          2    #......
 Blade Hands              Tmut           ####......   63%         5    ######.


Dungeon Overview and Level Annotations

Branches:
Dungeon (8/15)               Lair (0/6) D:8
 Temple: D:4-7


Innate Abilities, Weirdness & Mutations

You have an increased reservoir of magic. (+10% MP)
You are partially covered in icy blue scales. (AC +2)
You can translocate small distances at will.
You possess an exceptional clarity of mind.
You are very weak. (Str -4)
Your spells are a little harder to cast, but a little more powerful.


Message History

The gnoll barely misses you.
The centaur shoots an arrow.
The arrow hits you! The gnoll closely misses you.
You climb downwards.
The gnoll closely misses you.
There is a stone staircase leading up here.
The gnoll hits you but does no damage.
You climb upwards.
The centaur shoots an arrow.
The arrow hits you.
* * * LOW HITPOINT WARNING * * *
The gnoll hits you from afar with a +0 spear.
* * * LOW HITPOINT WARNING * * *
The gnoll misses you.
The centaur shoots an arrow.
The arrow completely misses you.
The gnoll hits you from afar with a +0 spear.
* * * LOW HITPOINT WARNING * * *
There is a stone staircase leading down, spattered with blood here.
You see here 3 arrows.
You can't go up here!
The centaur shoots an arrow.
The arrow hits you!
* * * LOW HITPOINT WARNING * * *
The gnoll sergeant hits you from afar with a +4 spear of freezing!
You die...

#.##.#...#
#..#(#...#
#.......#
#..(....#
#.......#
##.(.c..#
####....###
#....g..#
#...?@..#
#..g.(g.#
#..g#g###
#...#..
#...#..
#.......
#.g .... ..
.....


You could see a gnoll sergeant, a centaur and 4 gnolls.

Vanquished Creatures
  Eustachio (D:4)
  Edmund (D:4)
  A bullfrog (D:8)
  A hound (D:4)
  An orc priest (D:4)
  3 orc wizards (D:4)
  Jessica (D:3)
  Ijyb (D:4)
  An iguana (D:4)
  4 worker ants
  6 adders
  2 worms (D:3)
  3 dart slugs
  3 leopard geckos
  5 orcs
  A giant cockroach (D:2)
  11 goblins
  6 hobgoblins
  4 jackals (D:4)
  2 kobolds (D:1)
  A quokka (D:2)
  2 ball pythons
  5 bats
  5 frilled lizards
  A leopard gecko skeleton (D:4)
  3 rats
75 creatures vanquished.

Vanquished Creatures (collateral kills)
  An ooze (D:1)
  A hobgoblin (D:2)
  A goblin (D:2)
  A rat (D:1)
4 creatures vanquished.

Vanquished Creatures (others)
  2 fungi (D:8)
2 creatures vanquished.

Grand Total: 81 creatures vanquished

Notes
Turn   | Place    | Note
-------+----------+-------------------------------------------
     0 | D:1      | Honeythief the Demigod Transmuter began the quest for the
                  | Orb.
     0 | D:1      | Reached XP level 1. HP: 15/15 MP: 5/5
   290 | D:1      | Reached XP level 2. HP: 16/22 MP: 7/7
   468 | D:1      | Learned a level 2 spell: Sticks to Snakes
  1908 | D:2      | Reached XP level 3. HP: 27/27 MP: 9/9
  2652 | D:3      | Noticed Jessica
  2670 | D:3      | Killed Jessica
  2670 | D:3      | Reached skill level 1 in Fighting
  2690 | D:3      | Gained mutation: Your spells are a little harder to cast,
                  | but a little more powerful. [potion of mutation]
  2690 | D:3      | Gained mutation: You are weak. (Str -2) [potion of
                  | mutation]
  2690 | D:3      | Gained mutation: You are very weak. (Str -4) [potion of
                  | mutation]
  2690 | D:3      | Gained mutation: You have large cloven feet. [potion of
                  | mutation]
  2875 | D:3      | Learned a level 3 spell: Spider Form
  2996 | D:3      | Lost mutation: You have large cloven feet. [potion of
                  | mutation]
  2996 | D:3      | Gained mutation: You are partially covered in icy blue
                  | scales. (AC +2) [potion of mutation]
  2996 | D:3      | Gained mutation: You can translocate small distances at
                  | will. [potion of mutation]
  2996 | D:3      | Gained mutation: You possess an exceptional clarity of
                  | mind. [potion of mutation]
  3108 | D:3      | Reached XP level 4. HP: 33/35 MP: 8/10
  3124 | D:3      | Learned a level 4 spell: Ice Form
  4030 | D:4      | Reached XP level 5. HP: 40/40 MP: 8/12
  4121 | D:4      | Noticed Eustachio
  4246 | D:4      | Killed Eustachio
  4246 | D:4      | Reached XP level 6. HP: 26/47 MP: 10/14
  5083 | D:4      | Got a flickering emerald amulet
  5116 | D:4      | Noticed Edmund
  5206 | D:4      | Noticed Ijyb
  5488 | D:4      | Killed Edmund
  5488 | D:4      | Reached skill level 1 in Ice Magic
  5491 | D:4      | Killed Ijyb
  5491 | D:4      | Reached XP level 7. HP: 35/52 MP: 13/16
  5694 | D:4      | You fall through a shaft for 3 floors!
  5807 | D:7      | HP: 1/52 [centaur/arrow (12)]
  5807 | D:7      | Mangled by a gnoll sergeant

Skill      XL: |  1  2  3  4  5  6  7 |
---------------+----------------------+-----
Unarmed Combat | 3 4 |  4.3
Dodging        | 2 3 |  3.2
Spellcasting   | 2 3 4 |  4.0
Transmutations | 2 3 4 |  4.0
Fighting       | 1 |  1.6
Ice Magic      | 1 2 |  2.0
Stealth        | |  0.1
Poison Magic   | |  0.7

Action                   |  1- 3 |  4- 6 |  7- 9 || total
-------------------------+-------+-------+-------++-------
Melee: Spear             |    96 |    27 |       ||   123
       Unarmed           |    15 |    91 |    11 ||   117
       Punch             |     3 |       |       ||     3
       Club              |     2 |       |       ||     2
       Kick              |     6 |       |       ||     6
       Headbutt          |     4 |     1 |       ||     5
       Dagger            |       |       |     1 ||     1
Throw: Throwing net      |     1 |       |       ||     1
 Cast: Beastly Appendage |    13 |    22 |       ||    35
       Sticks to Snakes  |    10 |       |       ||    10
       Spider Form       |     3 |     5 |       ||     8
       Ice Form          |       |     9 |     4 ||    13
  Use: Scroll            |     4 |     4 |     1 ||     9
       Potion            |     8 |       |       ||     8
 Stab: Sleeping          |     1 |       |       ||     1
       Distracted        |     1 |       |       ||     1
  Eat: Chunk             |     5 |     6 |     1 ||    12
       Ration            |     1 |     2 |     1 ||     4
Armor: Robe              |    24 |    11 |     1 ||    36
       Skin              |       |    15 |     4 ||    19
Dodge: Dodged            |    73 |    82 |    21 ||   176
